 Dungeon Crawl Stone Soup version 0.20.1-1-g8b1a95d (webtiles) character file.

94 Kingsmith the Conjurer (level 4, 0/30 HPs)
             Began as a Mummy Conjurer on Dec 10, 2017.
             Was an Initiate of Gozag.
             Slain by a hound (3 damage)
             ... on level 4 of the Dungeon.
             The game lasted 00:05:02 (3247 turns).

Kingsmith the Conjurer (Mummy Conjurer)             Turns: 3247, Time: 00:05:03

Health: 0/30       AC:  3    Str: 11    XL:     4   Next: 38%
Magic:  0/8        EV: 12    Int: 15    God:    Gozag
Gold:   386        SH:  0    Dex: 12    Spells: 2/8 levels left

rFire    x . .     SeeInvis .   e - +0 dagger
rCold    + . .     Gourm    .   (no shield)
rNeg     + + +     Faith    .   a - +0 robe
rPois    ∞         Spirit   .   (no helmet)
rElec    .         Reflect  .   (no cloak)
rCorr    .         Harm     .   m - +0 pair of gloves
MR       .....                  (no boots)
Stlth    ++........             (no amulet)
Regen    0.1/turn               (no ring)
MPRegen  0.2/turn               (no ring)

@: very slightly contaminated
A: no food or potions, fire vulnerability, cold resistance 1, negative energy
resistance 3, torment resistance, unbreathing
a: Potion Petition, Call Merchant, Bribe Branch, Renounce Religion


You were on level 4 of the Dungeon.
You worshipped Gozag.
Gozag was aware of your devotion.
You were not hungry.

You visited 1 branch of the dungeon, and saw 4 of its levels.

You collected 396 gold pieces.
You paid 10 gold pieces to Gozag.

Inventory:

Hand Weapons
 e - a +0 dagger (weapon)
Armour
 a - a +0 robe (worn)
 m - a +0 pair of gloves (worn)
Scrolls
 c - 3 scrolls of identify {unknown}
 d - a scroll of teleportation {unknown}
 f - 2 scrolls of fog {unknown}
 g - a scroll of immolation {unknown}
 h - 3 scrolls of enchant armour {unknown}
 i - a scroll of amnesia {unknown}
 j - a scroll of random uselessness {unknown}
 k - 2 scrolls of magic mapping {unknown}
 l - a scroll of recharging {unknown}
Books
 b - a book of Conjurations

   Spells                             Type                      Level
   a - Magic Dart                     Conjuration                  1
   b - Searing Ray                    Conjuration                  2
   c - Dazzling Spray                 Conjuration/Hexes            3
   d - Fulminant Prism                Conjuration/Hexes            4
   e - Force Lance                    Conjuration/Translocation    4
   f - Iskenderun's Mystic Blast      Conjuration                  4


   Skills:
 - Level 1.5 Dodging
 - Level 1.5 Stealth
 - Level 2.6 Spellcasting
 + Level 4.9 Conjurations


You had 2 spell levels left.
You knew the following spells:

 Your Spells              Type           Power        Failure   Level  Hunger
a - Magic Dart            Conj           ###.         2%          1    N/A
b - Searing Ray           Conj           ###...       4%          2    N/A
c - Dazzling Spray        Conj/Hex       #.....       22%         3    N/A

Dungeon Overview and Level Annotations

Branches:
Dungeon (4/15)
 Temple: D:4-7

Altars:
Gozag
Uskayaw
Zin


Innate Abilities, Weirdness & Mutations

You do not eat or drink.
Your flesh is vulnerable to fire.
You are immune to poison.
Your flesh is cold resistant. (rC+)
You are immune to negative energy. (rN+++)
You are immune to unholy pain and torment.
You can survive without breathing.


Message History

You closely miss the hound.
The hound is severely wounded.
The hound closely misses you. The hound bites you but does no damage.
You see here a bread ration.
Casting: Magic Dart
Confirm with . or Enter, or press ? or * to list all spells.
Aiming: Magic Dart
Press: ? - help, Shift-Dir - straight line, f/p - hound
Aim: a hound (severely wounded)
The magic dart hits the hound.
The hound is severely wounded.
The hound bites you.
* * * LOW HITPOINT WARNING * * *
The hound barely misses you. The hound bites you.
* * * LOW HITPOINT WARNING * * *
The hound bites you.
You die...
Your body crumbles into a pile of gold.

!# .# .# .# .#
#####.# #.#
##.!@..#######....#
##.###h##.%......<.#
#<## ##.#..##.#...##
#.# #...## .# ## #.#
#.### .# ##. #.## .#
# (.. .# #.#. .#
#.#. ..


You could see a hound.

Vanquished Creatures
  3 adders
  2 dart slugs
  3 leopard geckos
  3 orcs (D:3)
  7 bats
  2 giant cockroaches
  4 goblins
  7 hobgoblins
  4 jackals (D:2)
  3 quokkas
  2 ball pythons
  7 frilled lizards (D:2)
  7 kobolds
  4 rats
58 creatures vanquished.

Notes
Turn   | Place    | Note
-------+----------+-------------------------------------------
     0 | D:1      | Kingsmith the Mummy Conjurer began the quest for the Orb.
     0 | D:1      | Reached XP level 1. HP: 13/13 MP: 4/4
   276 | D:1      | Reached XP level 2. HP: 7/19 MP: 0/5
   608 | D:1      | Learned a level 2 spell: Searing Ray
   854 | D:2      | Found an opulent altar of Gozag.
   866 | D:2      | Became a worshipper of Gozag Ym Sagoz the Greedy
   926 | D:2      | Reached skill level 4 in Conjurations
   963 | D:2      | Reached XP level 3. HP: 8/24 MP: 0/7
  1042 | D:2      | Learned a level 3 spell: Dazzling Spray
  2126 | D:3      | Reached XP level 4. HP: 26/30 MP: 0/8
  2639 | D:3      | Found a glowing silver altar of Zin.
  3053 | D:3      | Found a hide-covered altar of Uskayaw.
  3247 | D:4      | Slain by a hound

Skill      XL: |  1  2 |
---------------+-------+-----
Conjurations   | 4 |  4.9
Dodging        | |  1.5
Stealth        | |  1.5
Spellcasting   | |  2.6

Action                   |  1- 3 |  4- 6 || total
-------------------------+-------+-------++-------
Melee: Dagger            |    57 |     8 ||    65
 Cast: Magic Dart        |    73 |    41 ||   114
       Searing Ray       |     2 |       ||     2
       Dazzling Spray    |     1 |       ||     1
Invok: Potion Petition   |       |     1 ||     1
 Stab: Distracted        |     1 |       ||     1
Armor: Robe              |    15 |     4 ||    19
Dodge: Dodged            |    56 |    10 ||    66
